 Dungeon Crawl Stone Soup version 0.24.1-14-gf8d2b509d9 (webtiles) character file.

Game seed: 16056919047142602412, levelgen mode: deterministic

68 KlarStein the Sneak (level 4, -2/34 HPs)
             Began as a Demonspawn Assassin on Aug 29, 2020.
             Was an Initiate of Dithmenos.
             Slain by Terence
             ... wielding a +0 mace
              (6 damage)
             ... on level 2 of the Dungeon.
             The game lasted 00:05:23 (1402 turns).

KlarStein the Sneak (Demonspawn Assassin)           Turns: 1402, Time: 00:05:24

Health: -2/34      AC:  3    Str: 13    XL:     4   Next: 1%
Magic:  4/4        EV: 12    Int: 12    God:    Dithmenos [......]
Gold:   62         SH:  0    Dex: 14    Spells: 3/3 levels left

rFire    . . .     SeeInvis +   a - +2 dagger
rCold    . . .     Gourm    .   (no shield)
rNeg     . . .     Faith    .   b - +0 robe
rPois    .         Spirit   .   (helmet restricted)
rElec    .         Reflect  .   c - +0 cloak
rCorr    .         Harm     .   (no gloves)
MR       .....                  (no boots)
Stlth    +++.......             m - amulet of magic regeneration
HPRegen  0.11/turn              l - ring of see invisible
MPRegen  0.34/turn              (no ring)

@: lethally poisoned (-2 -> -3)
A: horns 1
a: Renounce Religion


You were on level 2 of the Dungeon.
You worshipped Dithmenos.
Dithmenos was noncommittal.
You were hungry.

You visited 1 branch of the dungeon, and saw 2 of its levels.

You collected 62 gold pieces.

Inventory:

Hand Weapons
 a - a +2 dagger (weapon)
 p - a +0 short sword of freezing
Missiles
 d - 8 poisoned darts (quivered)
 e - 2 curare-tipped darts
Armour
 b - a +0 robe (worn)
 c - a +0 cloak (worn)
Jewellery
 l - a ring of see invisible (left hand)
 m - an amulet of magic regeneration (around neck)
Wands
 n - a wand of iceblast (8)
Scrolls
 g - a scroll of identify
 j - a scroll of amnesia {unknown}
 k - a scroll of fear {unknown}
 q - a scroll of remove curse {unknown}
 r - a scroll of teleportation {unknown}
Potions
 h - a potion of curing {unknown}
 i - a potion of magic {unknown}
Comestibles
 f - 2 rations


   Skills:
 + Level 2.5 Fighting
 * Level 2.7 Short Blades
 - Level 2.0 Throwing
 + Level 1.7 Dodging
 + Level 4.0 Stealth


You had 3 spell levels left.
You didn't know any spells.
Your spell library was empty.

Dungeon Overview and Level Annotations

Branches:
Dungeon (2/15)

Altars:
Dithmenos
Okawaru

Annotations:
D:2 Terence


Innate Abilities, Weirdness & Mutations

You have a pair of small horns on your head.


Message History

You barely miss Terence.
Terence is heavily wounded.
Terence hits you with a +0 mace.
* * * LOW HITPOINT WARNING * * *
You closely miss Terence.
Terence is heavily wounded.
Terence hits you with a +0 mace.
* * * LOW HITPOINT WARNING * * *
You hit Terence.
Terence is heavily wounded.
You barely miss Terence. Your headbutt misses Terence.
Terence is heavily wounded.
Terence barely misses you.
You hit Terence but do no damage.
Terence is heavily wounded.
You feel sick. Terence hits you but does no damage.
You hit Terence.
Terence is severely wounded.
Terence hits you with a +0 mace.
You die...

#.......# #....# #..
#######.###.##.# #..
#.....##.# #..
###.#.###.# #..
#(._..# #.# #..
##.#.#####.##########
#.#
#....#..............#
#..
#.###.####.########.#
### ##.###.# #@#
#.####### #......#
#@##### #........
#..##### #.....##
######### ######..#
####...## ........#
##...@.### ######.##
#........# #.#
##.....#.# #.#
##...##†# #.#
##.###.#


You could see Terence.

Vanquished Creatures
  2 adders (D:2)
  An ooze (D:2)
  A worm (D:2)
  A leopard gecko (D:2)
  3 giant cockroaches
  6 goblins
  3 hobgoblins (D:1)
  6 jackals (D:2)
  5 bats
  A frilled lizard (D:1)
  7 kobolds
  3 rats
39 creatures vanquished.

Notes
Turn   | Place    | Note
-------+----------+-------------------------------------------
     0 | D:1      | KlarStein the Demonspawn Assassin began the quest for the
                  | Orb.
     0 | D:1      | Reached XP level 1. HP: 16/16 MP: 1/1
    68 | D:1      | Reached skill level 1 in Dodging
   164 | D:1      | Gained mutation: You have a pair of small horns on your
                  | head. [demonic ancestry]
   164 | D:1      | Reached XP level 2. HP: 22/22 MP: 2/2
   670 | D:2      | Found a shadowy altar of Dithmenos.
   675 | D:2      | Became a worshipper of Dithmenos the Shadowed
   810 | D:2      | Found an iron altar of Okawaru.
   820 | D:2      | Reached XP level 3. HP: 27/27 MP: 3/3
  1365 | D:2      | Noticed Terence
  1383 | D:2      | Reached skill level 4 in Stealth
  1383 | D:2      | Reached XP level 4. HP: 31/34 MP: 4/4
  1402 | D:2      | Slain by Terence

Levels and vault maps discovered:
D:1:      wander_arrival_lonely_grave, layout_basic
D:2:      layout_loops_ring, okawaru_trees_1, lemuel_crystal_altar, uniq_terence

Skill      XL: |  1  2  3 |
---------------+----------+-----
Dodging        | 1 |  1.7
Short Blades   | 2 |  2.7
Throwing       | 2 |  2.0
Stealth        | 4 |  4.0
Fighting       | |  2.5

Action                   |  1- 3 |  4- 6 || total
-------------------------+-------+-------++-------
Melee: Dagger            |    95 |    19 ||   114
       Headbutt          |    11 |     1 ||    12
  Use: Scroll            |     3 |       ||     3
 Stab: Sleeping          |    15 |       ||    15
  Eat: Chunk             |     1 |       ||     1
Armor: Robe              |    25 |     2 ||    27
Dodge: Dodged            |    50 |     5 ||    55
